 Dungeon Crawl Stone Soup version 0.16-a0-2038-g968ce0a (webtiles) character file.

51 smajdalf the Ruffian (level 3, -4/28 (29) HPs)
             Began as a Ghoul Warper on Nov 10, 2014.
             Slain by a gnoll
             ... wielding a +0 spear
              (8 damage)
             ... on level 2 of the Dungeon.
             The game lasted 00:04:20 (1052 turns).

smajdalf the Ruffian (Ghoul Warper)                 Turns: 1052, Time: 00:04:20

HP:   -4/28 (29)    AC:  5    Str: 14    XL:     3   Next: 81%
MP:   5/5           EV:  9    Int:  9    God:
Gold: 94            SH:  0    Dex:  8    Spells: 1 memorised, 4 levels left

rFire  . . .     SeeInvis .       - Unarmed
rCold  + . .     Clarity  +     a - +0 ring mail (curse)
rNeg   + + +     SustAb   .     (no shield)
rPois  +         Gourm    .     (no helmet)
rElec  .         Spirit   .     (no cloak)
rCorr  .         Warding  .     (no gloves)
rMut   .         Stasis   .     (no boots)
MR     .....                    j - amulet of clarity
Stlth  ..........               (no ring)
                                (no ring)

@: rotting, not resistant to hostile enchantments, extremely unstealthy
A: rotting body, claws 1, carnivore 3, cold resistance 1, negative energy
resistance 3, poison resistance, slow healing 1, torment resistance, unbreathing
a: no special abilities


You were on level 2 of the Dungeon.
You were not hungry.

You visited 1 branch of the dungeon, and saw 2 of its levels.

You collected 94 gold pieces.

Inventory:

Missiles
 e - 5 tomahawks of dispersal (quivered)
Armour
 a - a cursed +0 ring mail (worn)
Jewellery
 j - an amulet of clarity (around neck)
Scrolls
 d - a scroll of blinking
 f - 4 scrolls of remove curse {unknown}
 h - a scroll of identify {unknown}
 l - a scroll of magic mapping {unknown}
Potions
 b - a potion of magic {unknown}
 g - 2 potions of curing {unknown}
 i - 2 potions of poison
Books
 c - a book of Spatial Translocations

   Spells                             Type                      Level
   *Apportation                       Translocation                1
   Blink                              Translocation                2
   Shroud of Golubria                 Charms/Translocation         2
   Portal Projectile                  Translocation                3
   Teleport Other                     Translocation                3
   Passage of Golubria                Translocation                4
Comestibles
 k - a royal jelly


   Skills:
 - Level 2.1 Fighting
 - Level 0.8 Throwing
 - Level 0.8 Armour
 - Level 1.7 Dodging
 + Level 4.4 Unarmed Combat
 - Level 1.7 Spellcasting
 - Level 2.6 Translocations


You had 4 spell levels left.
You knew the following spells:

 Your Spells              Type           Power        Failure   Level  Hunger
a - Apportation           Tloc           #.........   17%         1    ##.....


Dungeon Overview and Level Annotations

Branches:
Dungeon (2/15)

Altars:


Innate Abilities, Weirdness & Mutations

Your body is rotting away.
You thrive on raw meat.
You have sharp fingernails.
You are carnivorous and can eat meat at any time.
Your flesh is cold resistant.
You are immune to negative energy.
Your system is resistant to poisons.
You heal slowly when monsters are visible.
You are immune to unholy pain and torment.
You can survive without breathing.


Message History

The gnoll is moderately wounded.
The gnoll misses you.
You barely miss the gnoll.
The gnoll is moderately wounded.
The gnoll hits you with a spear.
* * * LOW HITPOINT WARNING * * *
You are too injured to fight recklessly!
You are too injured to fight recklessly!
You are too injured to fight recklessly!
You closely miss the gnoll.
The gnoll is moderately wounded.
The gnoll hits you but does no damage.
You scratch the gnoll.
The gnoll is heavily wounded.
The gnoll hits you with a spear.
* * * LOW HITPOINT WARNING * * *
Drink which item? (? for menu, Esc to quit)
You feel slightly nauseous.
It was a potion of poison.
The gnoll hits you with a spear!
You die...

#.>.......'........
#.....#.###........
##.####.###........
#.................
#.####............ #.#
#####........ #.#
#........ #.#
#........ #@#
#........
#####g################
#.............
#.............
#.............
#............
#...........(
#..$.........
#...[.......


You could see a gnoll (bleeding).

Vanquished Creatures
  2 gnolls (D:2)
  2 worms (D:2)
  2 hobgoblins (D:1)
  2 jackals (D:1)
  4 bats (D:1)
  A giant cockroach (D:1)
  3 giant newts (D:1)
  4 kobolds (D:1)
  4 rats (D:1)
24 creatures vanquished.

Notes
Turn   | Place    | Note
--------------------------------------------------------------
     0 | D:1      | smajdalf, the Ghoul Warper, began the quest for the Orb.
     0 | D:1      | Reached XP level 1. HP: 17/17 MP: 2/2
   225 | D:1      | Reached skill level 3 in Unarmed Combat
   225 | D:1      | Reached XP level 2. HP: 24/24 MP: 3/3
   771 | D:2      | Reached XP level 3. HP: 21/29 MP: 5/5
  1040 | D:2      | Reached skill level 4 in Unarmed Combat
  1052 | D:2      | Slain by a gnoll

Action                   || total
-------------------------++-------
Melee: Unarmed           ||    79
  Use: Potion            ||     1
  Eat: Chunk             ||    11
